Map: Dasan Station LE

Players

Fropez

  • Race: Protoss Protoss
  • League: Gold
  • Spawn Location: 12:00

Stephen - Winner!

  • Race: Terran Terran
  • Spawn Location: 6:00

VOD

Have the link to the VOD?

Description

Time

  • Played on: Oct. 25, 2016, 4:02 p.m.
  • Length: 10:52
Show
View Real Time Build Order
Export as new Build Order

Fropez Protoss 

Build Orders:  

Get SALT Encoding   

  12  0:01  Probe (Chrono Boost)  
  13  0:11  Probe (Chrono Boost)  
  14  0:18  Pylon  
  14  0:22  Probe (Chrono Boost)  
  15  0:36  Probe (Chrono Boost)  
  15  0:41  Gateway  
  16  0:46  Probe (Chrono Boost)  
  17  0:52  Assimilator  
  17  0:57  Probe (Chrono Boost)  
  18  1:08  Probe (Chrono Boost)  
  19  1:18  Probe (Chrono Boost)  
  20  1:19  Pylon  
  20  1:23  Assimilator  
  20  1:29  Probe (Chrono Boost)  
  20  1:30  Cybernetics Core  
  21  1:39  Probe (Chrono Boost)  
  22  1:46  Pylon  
  22  1:50  Probe (Chrono Boost)  
  23  2:00  Probe (Chrono Boost)  
  24  2:11  Gateway  
  24  2:13  Warp Gate (Chrono Boost)  
  24  2:17  Pylon  
  24  2:20  Gateway  
  24  2:31  Mothership Core  
  24  2:34  Adept  
  27  2:56  Nexus  
  27  3:04  Adept  
  29  3:08  Adept  
  30  3:23  Adept  
  30  3:25  Probe  
  33  3:40  Probe  
  34  3:46  Twilight Council, Pylon  
  34  3:53  Probe  
  35  4:08  Probe  
  35  4:10  Probe  
  37  4:19  Probe  
  37  4:22  Pylon  
  36  4:33  Pylon  
  32  4:45  Probe  
  32  4:47  Probe  
  32  4:50  Stalker x2  
  32  4:51  Stalker  
  40  4:56  Probe  
  40  4:59  Probe  
  42  5:03  Assimilator, Gateway  
  42  5:04  Pylon  
  42  5:07  Assimilator  
  42  5:09  Pylon  
  42  5:17  Stalker  
  42  5:19  Stalker  
  46  5:23  Resonating Glaives (Chrono Boost)  
  46  5:34  Probe  
  46  5:36  Probe  
  48  5:48  Adept x3  
  52  5:54  Pylon  
  52  5:57  Pylon  
  44  6:23  Stalker x2  
  44  6:24  Stalker  
  42  6:43  Stalker  
  44  6:48  Adept x2  
  42  7:12  Adept x3  
  48  7:22  Gateway  
  48  7:25  Gateway  
  48  7:28  Robotics Facility  
  48  7:29  Gateway  
  48  7:32  Forge  
  48  7:35  Adept, Gateway  
  50  7:37  Adept x2  
  50  7:42  Probe  
  50  7:43  Probe  
  52  8:30  Adept x3, Immortal (Chrono Boost)  
  46  8:37  Protoss Ground Weapons Level 1 (Chrono Boost)  
  50  8:44  Adept x4  
  58  8:55  Pylon  
  58  8:57  Pylon  
  58  9:01  Adept x3  
  64  9:03  Immortal  
  64  9:04  Probe x2  
  70  9:15  Photon Cannon  
  70  9:42  Probe  
  70  9:43  Probe  
  70  9:45  Observer  
  72  9:48  Nexus  
  73  9:58  Pylon  
  73  10:02  Gateway  
  73  10:17  Templar Archives  
  55  10:26  Adept x4  
  55  10:27  Adept x3  
  63  10:47  Photon Cannon  
  63  10:48  Adept x4  
Show
View Real Time Build Order
Export as new Build Order

Stephen Terran - Winner!

Build Orders: Reaper Expand, MMM Bio 

Get SALT Encoding   

  12  0:01  SCV  
  13  0:13  SCV  
  14  0:18  Supply Depot  
  14  0:25  SCV  
  15  0:39  SCV  
  16  0:46  Barracks  
  16  0:47  Refinery  
  16  0:51  SCV  
  17  1:04  SCV  
  18  1:19  SCV  
  19  1:25  Supply Depot  
  19  1:36  Orbital Command  
  19  1:40  Reaper  
  20  2:04  Command Center  
  20  2:05  SCV  
  21  2:24  SCV  
  22  2:35  Refinery  
  22  2:37  Barracks  
  22  2:38  Barracks  
  22  2:42  Barracks Reactor  
  22  2:45  SCV  
  23  2:53  Engineering Bay  
  23  2:59  SCV  
  23  3:20  SCV  
  23  3:21  Orbital Command  
  23  3:22  Marine x2  
  26  3:33  Barracks Tech Lab  
  26  3:34  Barracks Tech Lab  
  26  3:41  SCV  
  27  3:46  SCV  
  28  3:48  Marine  
  28  3:49  Marine  
  28  3:50  Terran Infantry Weapons Level 1  
  28  3:54  SCV  
  31  3:58  Stimpack  
  31  4:04  Marine, Marauder  
  31  4:05  Combat Shields  
  31  4:07  SCV  
  35  4:13  Supply Depot  
  35  4:20  Marine x2  
  35  4:23  Marauder  
  39  4:25  Marine  
  38  4:37  Marine  
  39  4:39  Supply Depot  
  37  4:50  Marine, Marauder  
  42  4:53  Marauder  
  42  4:55  Marine  
  43  5:00  SCV x2  
  43  5:02  Supply Depot  
  45  5:15  Marine x2  
  45  5:16  Marine, Marauder  
  45  5:17  SCV  
  45  5:18  SCV  
  52  5:23  Supply Depot  
  52  5:33  Marine  
  52  5:34  Marauder  
  55  5:38  Marine  
  55  5:39  Marauder  
  55  5:40  SCV x2  
  60  5:51  Marine  
  61  6:03  Command Center  
  57  6:24  Marine, Marauder  
  54  6:26  Marine  
  54  6:27  Marauder  
  50  6:41  Marine  
  51  6:47  Barracks  
  51  6:48  SCV x2, Barracks, Factory  
  53  7:00  SCV x2  
  50  7:12  Marine x2  
  50  7:13  Marine, Marauder  
  50  7:14  SCV x2  
  50  7:15  Orbital Command  
  55  7:26  SCV  
  55  7:27  SCV  
  57  7:30  Marine  
  58  7:38  SCV  
  58  7:39  SCV, Armory  
  58  7:40  Factory Reactor, Starport, Engineering Bay  
  60  7:49  Barracks Reactor, Barracks Tech Lab  
  60  7:50  Marine x4  
  64  7:52  SCV  
  60  8:07  Marine  
  60  8:08  Marine x2, Marauder  
  60  8:12  Bunker  
  65  8:14  Bunker  
  65  8:25  Marine  
  65  8:26  Marine  
  66  8:27  Marauder  
  66  8:28  Marine x2  
  66  8:29  Marauder  
  60  8:36  Marauder, Missile Turret  
  62  8:41  Barracks  
  62  8:42  SCV x2  
  62  8:43  Marine  
  62  8:44  Marine  
  62  8:45  SCV  
  62  8:46  Marine  
  68  8:52  Terran Infantry Armor Level 1  
  68  8:55  Terran Vehicle And Ship Armor Level 1  
  68  8:56  SCV x2  
  70  9:05  Marine x3  
  70  9:06  Missile Turret  
  79  9:10  Medivac  
  79  9:12  Medivac  
  79  9:13  Factory Reactor  
  79  9:16  Marine  
  79  9:17  Marine x2, Marauder  
  80  9:18  Starport  
  80  9:23  Marine x2  
  84  9:25  Concussive Shells  
  84  9:31  Barracks Reactor  
  84  9:33  Marine  
  84  9:34  Marine  
  84  9:35  Marauder x2  
  90  9:40  Medivac  
  92  9:58  Command Center  
  92  10:07  SCV  
  92  10:14  SCV, Medivac  
  93  10:15  Medivac  
Tags
 
Composition
MMM Bio
League
Gold
Matchup
PvT
Replay Pack
From the laptop
Spawn Locations
Cross Positions
Add a new tag
Caveats
  • Supply blocks, unpowered buildings, or Contaminate may cause inaccurate times.
  • Supply counts are checked every 10 seconds.